Map: Sludge City

Players

BtOmega - Winner!

  • Race: Zerg Zerg
  • Spawn Location: 9:00

DarwinDawkin - Winner!

  • Race: Protoss Protoss
  • Spawn Location: 11:00

очкун

  • Race: Terran Terran
  • Spawn Location: 5:00

Gracz

  • Race: Terran Terran
  • Spawn Location: 5:00

VOD

Have the link to the VOD?

Description

Time

  • Played on: March 11, 2016, 4:04 p.m.
  • Length: 17:35
Show
View Real Time Build Order
Export as new Build Order

BtOmega Zerg - Winner!

Build Orders: Pool First, Lurkers 

Get SALT Encoding   

  12  0:01  Drone  
  13  0:09  Drone  
  14  0:27  Spawning Pool  
  13  0:34  Overlord  
  13  0:39  Drone  
  14  0:52  Extractor  
  14  0:54  Drone x2  
  15  1:02  Drone  
  16  1:14  Zergling x2  
  17  1:28  Zergling x2  
  17  1:30  Zergling x2  
  17  1:31  Hatchery  
  18  1:42  Extractor  
  18  1:43  Zergling x2  
  18  1:51  Zergling x2  
  19  1:58  Lair  
  19  2:03  Zergling x2  
  20  2:13  Drone  
  21  2:26  Overlord  
  21  2:37  Drone  
  20  2:57  Hydralisk Den  
  19  3:00  Zergling x4  
  19  3:03  Drone x2  
  23  3:12  Drone  
  24  3:22  Pneumatized Carapace  
  24  3:28  Hydralisk  
  26  3:39  Lurker Den  
  26  3:44  Drone  
  26  3:48  Drone  
  28  3:53  Drone  
  29  3:56  Drone  
  29  4:00  Drone  
  31  4:03  Drone  
  32  4:11  Drone x2  
  32  4:15  Drone  
  35  4:21  Overlord  
  35  4:33  Overlord  
  35  4:34  Overlord  
  35  4:41  Hydralisk  
  35  4:42  Hydralisk  
  39  4:51  Hydralisk x2  
  43  4:54  Hydralisk  
  43  4:58  Metabolic Boost  
  45  5:03  Overseer  
  45  5:04  Overseer  
  45  5:05  Overseer  
  45  5:10  Drone  
  45  5:13  Drone  
  45  5:14  Drone  
  48  5:19  Lurker  
  49  5:26  Drone x2  
  49  5:27  Drone  
  52  5:31  Extractor  
  52  5:34  Extractor, Drone  
  51  5:36  Drone  
  52  5:44  Lurker x2  
  54  5:56  Hydralisk  
  56  6:07  Drone x3, Hatchery  
  58  6:18  Drone  
  59  6:19  Overlord  
  59  6:20  Overlord  
  59  6:33  Overlord x2  
  59  6:39  Lurker x3  
  62  6:44  Hydralisk x2  
  66  6:51  Hatchery  
  65  7:02  Hydralisk  
  65  7:03  Hydralisk x2  
  65  7:05  Hydralisk  
  73  7:08  Zergling x2  
  74  7:25  Nydus Network  
  74  7:29  Drone  
  74  7:32  Drone  
  74  7:33  Drone  
  76  7:41  Hydralisk  
  76  7:42  Hydralisk x2  
  82  8:16  Nydus Canal  
  82  8:42  Hydralisk  
  82  8:43  Hydralisk x2  
  82  8:45  Hydralisk x3  
  82  8:48  Drone  
  95  8:51  Overlord x2  
  95  8:53  Overlord x3  
  95  9:03  Hatchery  
  95  9:06  Hatchery  
  93  9:10  Hatchery  
  93  9:16  Hatchery  
  91  9:20  Drone  
  91  9:21  Drone x2  
  91  9:22  Hatchery  
  91  9:23  Drone x2  
  95  9:35  Hydralisk  
  95  9:36  Hydralisk x2  
  101  9:38  Hydralisk  
  101  9:39  Hydralisk  
  101  9:42  Drone  
  101  9:44  Drone x2  
  108  9:55  Drone  
  108  9:56  Drone  
  108  9:58  Drone x2  
  112  10:13  Hydralisk  
  112  10:14  Hydralisk x2  
  114  10:17  Drone  
  114  10:20  Drone x2  
  121  10:22  Overseer x2  
  121  10:26  Hydralisk x2  
  121  10:27  Hydralisk x3  
  131  10:30  Hydralisk  
  131  10:32  Hydralisk x2  
  131  10:34  Hydralisk  
  125  11:25  Hydralisk x7  
  129  11:26  Hydralisk x2  
  129  11:28  Hydralisk x4  
  129  11:31  Overlord x4  
  135  12:02  Hydralisk x5  
  135  12:03  Hydralisk x4  
  133  12:15  Hydralisk x3  
  121  12:17  Hydralisk  
  121  12:21  Drone x3  
  132  12:31  Drone x3  
  132  12:33  Drone x3  
  118  13:08  Drone  
  118  13:09  Drone x6  
  118  13:10  Drone x2  
  127  13:17  Drone x3  
  130  13:22  Extractor  
  130  13:23  Extractor  
  128  13:33  Hatchery  
  127  13:41  Hatchery  
  127  13:47  Hatchery  
  102  14:15  Hydralisk x4  
  102  14:16  Hydralisk x2  
  112  14:17  Hydralisk x3  
  112  14:20  Hydralisk x4  
  118  14:45  Drone x3  
  121  15:11  Drone x2  
  123  15:27  Hydralisk x2  
  123  15:28  Hydralisk x7  
  129  15:31  Hydralisk  
  143  15:45  Extractor  
  143  15:48  Extractor, Drone x3  
  144  15:53  Extractor  
  144  15:54  Extractor  
  142  16:04  Extractor  
  141  16:05  Extractor  
  140  16:29  Drone x3  
  143  16:46  Hydralisk  
  143  16:47  Hydralisk x6  
  143  16:48  Hydralisk x2  
  143  16:52  Overlord x3  
  143  16:53  Overlord x6  
Show
View Real Time Build Order
Export as new Build Order

DarwinDawkin Protoss - Winner!

Build Orders: Cannon Rush 

Get SALT Encoding   

  12  0:02  Probe (Chrono Boost)  
  13  0:27  Pylon  
  13  0:47  Gateway  
  13  0:50  Forge  
  13  0:53  Probe (Chrono Boost)  
  14  0:57  Assimilator  
  14  1:03  Probe (Chrono Boost)  
  15  1:14  Probe (Chrono Boost)  
  16  1:26  Pylon  
  16  1:33  Photon Cannon  
  16  1:37  Photon Cannon  
  16  1:47  Photon Cannon  
  16  1:50  Probe (Chrono Boost)  
  17  2:01  Probe (Chrono Boost)  
  18  2:11  Probe (Chrono Boost)  
  19  2:17  Pylon  
  19  2:22  Cybernetics Core  
  19  2:25  Pylon  
  19  2:32  Assimilator  
  19  2:35  Probe (Chrono Boost)  
  20  2:45  Probe (Chrono Boost)  
  21  2:56  Probe (Chrono Boost)  
  22  3:09  Stargate  
  22  3:12  Stargate  
  22  3:20  Photon Cannon  
  22  3:21  Photon Cannon  
  22  3:34  Photon Cannon  
  22  3:41  Stalker  
  24  4:08  Pylon  
  24  4:19  Nexus  
  24  4:33  Photon Cannon  
  24  4:39  Photon Cannon  
  24  4:49  Pylon  
  24  4:58  Pylon  
  26  5:08  Void Ray (Chrono Boost)  
  28  5:16  Stalker  
  30  5:23  Probe  
  31  5:31  Probe  
  31  5:35  Probe  
  33  5:39  Photon Cannon  
  33  5:47  Probe  
  34  5:51  Photon Cannon  
  34  5:54  Probe  
  35  6:05  Probe  
  35  6:09  Void Ray (Chrono Boost)  
  35  6:11  Probe  
  41  6:32  Void Ray (Chrono Boost)  
  45  6:46  Void Ray (Chrono Boost)  
  49  7:02  Pylon  
  49  7:14  Void Ray (Chrono Boost)  
  53  7:23  Void Ray (Chrono Boost)  
  61  7:52  Void Ray (Chrono Boost)  
  61  8:01  Void Ray (Chrono Boost)  
  65  8:10  Protoss Air Weapons Level 1  
  65  8:29  Void Ray (Chrono Boost)  
  65  8:33  Assimilator  
  69  8:37  Assimilator  
  69  8:38  Void Ray (Chrono Boost)  
  69  8:39  Photon Cannon  
  69  8:41  Photon Cannon  
  73  8:45  Photon Cannon  
  73  8:47  Photon Cannon  
  73  8:49  Probe  
  74  9:01  Probe  
  75  9:06  Void Ray (Chrono Boost)  
  79  9:14  Probe  
  79  9:15  Void Ray (Chrono Boost)  
  84  9:26  Probe  
  85  9:38  Probe  
  86  9:46  Nexus  
  86  9:56  Pylon  
  86  10:00  Pylon  
  86  10:05  Pylon  
  86  10:07  Pylon  
  86  10:11  Pylon  
  86  10:15  Void Ray (Chrono Boost)  
  86  10:17  Pylon  
  90  10:22  Pylon  
  90  10:25  Pylon  
  90  10:45  Void Ray (Chrono Boost)  
  94  10:52  Void Ray (Chrono Boost)  
  98  12:31  Void Ray (Chrono Boost)  
  98  12:32  Void Ray (Chrono Boost)  
  106  13:09  Void Ray x2 (Chrono Boost)  
Show
View Real Time Build Order
Export as new Build Order

очкун Terran 

Build Orders: MMM Bio 

Get SALT Encoding   

  12  0:01  SCV  
  13  0:13  SCV  
  14  0:25  SCV  
  15  0:29  Supply Depot  
  15  0:50  SCV  
  15  0:52  Barracks  
  16  1:02  SCV  
  17  1:18  Barracks  
  17  1:44  Command Center  
  17  1:46  Marine  
  18  1:55  Refinery  
  18  1:58  Refinery  
  18  2:05  Orbital Command  
  18  2:20  Marine  
  18  2:21  Marine  
  20  2:33  SCV  
  21  2:38  Marine  
  21  2:39  Marine  
  23  2:56  Marine, SCV  
  23  2:57  Marine  
  26  3:03  Orbital Command  
  26  3:08  Refinery, SCV  
  27  3:14  Marine  
  29  3:20  SCV  
  29  3:23  Barracks Tech Lab  
  29  3:28  Factory, SCV  
  29  3:32  SCV  
  31  3:38  Refinery  
  31  3:40  SCV  
  32  3:44  SCV  
  33  3:52  SCV  
  33  3:53  Engineering Bay  
  34  3:56  SCV  
  35  4:04  SCV  
  35  4:06  Stimpack  
  35  4:08  SCV  
  37  4:13  Factory Reactor  
  37  4:16  Starport, SCV  
  38  4:21  Missile Turret  
  38  4:24  Missile Turret  
  38  4:26  Terran Infantry Weapons Level 1  
  38  4:41  Barracks Reactor  
  38  4:54  Supply Depot  
  38  4:56  Starport Reactor  
  38  5:06  Command Center  
  38  5:15  Widow Mine x2  
  38  5:16  Marine, SCV x2  
  46  5:28  SCV  
  46  5:31  Barracks  
  46  5:32  Barracks  
  46  5:43  Supply Depot  
  46  5:50  Barracks x2  
  46  6:05  Marine x3, Viking x2, SCV  
  54  6:17  Widow Mine x2  
  54  6:18  SCV x2  
  60  6:19  Orbital Command  
  60  6:22  Barracks Reactor x2  
  60  6:23  Marine  
  60  6:24  Supply Depot  
  61  6:30  SCV x2  
  61  6:31  Combat Shields  
  63  6:35  Medivac  
  63  6:36  Marine  
  63  6:37  Marine  
  67  6:40  Marine  
  67  6:42  SCV  
  67  6:46  SCV  
  70  6:47  Supply Depot  
  70  6:54  SCV  
  70  6:58  SCV  
  72  7:09  Command Center  
  72  7:10  Marine x2, SCV  
  72  7:11  Marauder  
  72  7:12  Marine  
  72  7:13  Marine, Command Center  
  72  7:15  Marine  
  80  7:24  Barracks Tech Lab  
  80  7:25  Barracks Tech Lab  
  80  7:26  Widow Mine  
  80  7:27  Widow Mine  
  84  7:46  Marauder  
  84  8:06  SCV, Factory Tech Lab  
  85  8:20  SCV x2  
  87  8:32  SCV x2  
  89  8:43  Concussive Shells  
  89  8:44  SCV x2  
  89  8:46  Marine  
  89  8:47  Marauder x3  
  89  8:48  Marine x4  
  99  8:49  Marine  
  103  8:57  SCV x2  
  105  9:04  Marine  
  105  9:06  Marine x5  
  105  9:08  Marauder  
  105  9:09  Marauder  
  115  9:17  Armory  
  115  9:22  Orbital Command  
  115  9:24  Planetary Fortress  
  115  9:40  Starport x2  
  115  9:50  Refinery  
  115  9:52  Refinery  
  115  10:17  Starport Reactor  
  115  10:18  Starport Tech Lab  
  115  10:21  Fusion Core  
  115  10:22  Armory  
  115  10:50  Marine  
  115  10:58  Liberator  
  115  10:59  Liberator  
  115  11:14  Marine  
  115  11:15  Marine x5, Medivac, SCV, Marauder  
  115  11:17  Marauder  
  115  11:18  Supply Depot, Siege Tank, Marauder  
  110  11:19  Supply Depot  
  110  11:21  Supply Depot  
  108  11:32  Marine x3  
  101  11:33  Marine x3  
  101  11:37  Marauder  
  101  11:38  Marauder  
  111  11:40  Marine  
  109  11:50  Marine x6  
  114  11:57  Marine  
  114  11:58  Marine  
  114  11:59  Marine  
  113  12:08  Marine x4  
  80  12:17  Marine  
  73  12:26  Marine x2  
  70  12:34  Marine  
  63  12:44  Marine x2  
  16  13:42  Command Center  
  16  13:43  Command Center  
  16  13:44  Command Center  
  16  13:46  Command Center  
  15  14:30  Refinery  
  15  14:34  Refinery  
  11  14:58  SCV x2  
  11  14:59  SCV x2  
  15  15:04  Barracks  
  15  15:10  SCV  
  15  15:11  SCV x2  
  16  15:28  SCV x2  
  16  15:29  SCV x2  
  18  15:40  SCV  
  18  15:41  SCV x3  
  20  15:53  SCV x2  
Show
View Real Time Build Order
Export as new Build Order

Gracz Terran 

Build Orders: Reaper Expand 

Get SALT Encoding   

  12  0:01  SCV  
  13  0:13  SCV  
  14  0:24  Supply Depot  
  14  0:25  Refinery  
  14  0:44  Supply Depot  
  14  0:50  SCV  
  15  1:02  SCV  
  15  1:04  Barracks  
  16  1:11  Supply Depot  
  16  1:28  Supply Depot  
  16  1:52  Supply Depot  
  16  2:05  Bunker, Marine  
  17  2:14  Supply Depot  
  17  2:21  SCV  
  18  2:26  Refinery  
  18  2:33  SCV  
  18  2:35  Refinery  
  19  2:44  Barracks Reactor  
  19  2:59  Command Center  
  19  3:13  Refinery  
  19  3:15  Orbital Command  
  19  3:28  Reaper x2  
  21  3:45  Engineering Bay  
  21  3:59  Engineering Bay  
  21  4:06  Engineering Bay  
  21  4:19  Orbital Command  
  21  4:26  Reaper  
  22  5:04  Reaper x2  
  24  5:09  SCV  
  25  5:20  SCV  
  25  5:21  SCV  
  27  5:22  Terran Infantry Armor Level 1, Terran Infantry Weapons Level 1  
  27  5:23  Building Armor  
  27  5:32  SCV  
  27  5:33  SCV  
  29  5:36  Marine, Reaper  
  29  5:37  Barracks  
  31  5:44  SCV  
  32  5:54  Marine  
  32  5:56  SCV  
  34  6:08  Reaper  
  35  6:27  Barracks  
  35  6:36  Factory  
  35  6:42  Factory  
  35  6:46  SCV  
  36  6:58  SCV  
  36  6:59  Barracks Reactor  
  37  7:10  SCV  
  37  7:14  Barracks  
  38  7:18  Barracks Reactor  
  38  7:21  Factory Tech Lab  
  38  7:22  SCV  
  39  7:26  Factory  
  39  7:30  Armory  
  39  7:34  Armory  
  39  7:37  Armory  
  39  7:38  Reaper x4  
  43  8:02  Factory Tech Lab  
  43  8:10  Starport  
  43  8:13  Starport  
  43  8:43  Marine x6  
  43  8:45  Factory Tech Lab  
  49  8:52  Starport  
  49  9:00  Marine  
  49  9:01  Marine x5, Starport  
  55  9:03  Starport  
  55  9:18  Marine  
  55  9:19  Marine x5  
  61  9:27  Terran Infantry Armor Level 2, Terran Infantry Weapons Level 2  
  61  9:30  Neosteel Frame  
  61  9:36  Marine  
  61  9:37  Marine x2  
  64  9:42  Starport Reactor  
  64  9:52  Barracks Tech Lab  
  64  9:53  Starport Tech Lab x2  
  64  9:54  Starport Tech Lab  
  64  10:02  Starport  
  64  10:10  Starport  
  64  10:20  Reaper  
  64  10:21  Reaper x2  
  67  10:44  Supply Depot x2  
  67  10:47  Starport Reactor  
  67  11:14  Starport  
  67  11:31  Combat Shields  
  67  11:34  Starport  
  67  11:49  Fusion Core  
  67  11:52  Terran Vehicle Weapons Level 1  
  67  11:53  Terran Vehicle And Ship Armor Level 1, Terran Ship Weapons Level 1  
  40  12:48  Marine x6  
  40  12:50  Starport Tech Lab x2  
  39  12:52  Starport Tech Lab  
  39  13:00  Battlecruiser x2  
  51  13:05  Marine  
  51  13:06  Marine x5  
  51  13:11  Supply Depot  
  57  13:14  Starport Tech Lab  
  57  13:15  Supply Depot  
  57  13:23  Marine  
  57  13:24  Marine x5  
  63  13:40  Cyclone x2  
  69  13:41  Marine x3  
  69  13:42  Marine x3  
  46  14:16  Marine  
  46  14:17  Marine x5  
  33  14:34  Marine x4  
  16  14:39  Battlecruiser  
  19  14:52  Marine  
  18  14:53  Medivac x2  
  18  14:58  Marine  
  16  15:45  Orbital Command  
  8  16:31  Command Center  
  8  17:00  Command Center  
  8  17:09  Supply Depot  
Tags
 
Add a new tag
Caveats
  • Supply blocks, unpowered buildings, or Contaminate may cause inaccurate times.
  • Supply counts are checked every 10 seconds.